Condors vs Influenza

Created - January 21, 2021 at 19:37

Goals
1 2 3 T
Condors 1 1 1 3
Influenza 0 1 0 1
Shots
1 2 3 T
Condors 25 8 7 40
Influenza 6 9 10 25

1st period

1. Condors , Stephane Da Costa 3 (C.J Suess 10) at 9:03

Penalties :
No Penalty

2nd period

2. Condors , Frederik Gauthier 17 (Anton Slepyshev 26) at 0:36
3. Influenza , Lucas Lessio 14 (Haydn Fleury 5, Pavel Zacha 16) at 2:13

Penalties :
No Penalty

3rd period

4. Condors , Alex Tuch 13 (Anton Slepyshev 27, Frederik Gauthier 26) at 0:20 (PP)

Penalties :
Tim Schaller (VJB) for Hooking (Minor) at 0:05, Mark Giordano (VJB) for Hooking (Minor) at 3:38, Tim Erixon (VJB) for Hooking (Minor) at 10:57, Carl Gunnarsson (Bak) for Tripping (Minor) at 16:51

Goalie Stats

Ilya Samsonov (Bak), 24 saves from 25 shots - (0.960), W, 3-7-0, 60:00 minutes
Al Montoya (VJB), 37 saves from 40 shots - (0.925), L, 2-3-0, 60:00 minutes

Players Stats for Condors

Player Name              G  A  P  +/- PIM S  H  SB GA TA FO     MP     PP MP  PK MP  
------------------------------------------------------------------------------------
Adam Erne                0  0  0   1  0   3  2  0  0  0  0/0    11:32   0:00   0:00 
Alex Tuch                1  0  1   0  0   5  2  0  0  0  1/2    18:12   2:25   0:00 
Andrew Mangiapane        0  0  0   0  0   1  4  0  0  0  1/2    20:01   1:48   0:18 
Anton Slepyshev          0  2  2   0  0   3  1  1  1  1  1/1    18:40   2:25   0:27 
Brett Lernout            0  0  0   0  0   1  0  2  0  0  0/0    11:13   0:00   0:00 
C.J Suess                0  1  1   0  0   1  1  0  0  1  0/0     8:33   0:00   0:00 
Carl Gunnarsson          0  0  0   1  2   2  0  0  1  1  0/0    23:49   2:20   0:00 
Chris Bigras             0  0  0   0  0   1  0  1  0  0  0/0    17:16   0:27   0:28 
Christian Thomas         0  0  0   1  0   3  0  0  0  0  0/0    11:01   0:00   0:00 
Eric Gustafsson          0  0  0   1  0   1  0  0  2  0  0/0    23:47   1:26   0:54 
Frederik Gauthier        1  1  2   0  0   4  0  1  1  0  9/16   18:37   2:25   0:27 
Gustav Olofsson          0  0  0   0  0   0  0  0  0  0  0/0     6:15   0:00   0:43 
Marc-André Bourdon       0  0  0   0  0   2  1  2  0  0  0/0    19:29   2:47   0:54 
Mark Jankowski           0  0  0   0  0   2  1  0  0  0  2/3     9:38   0:00   1:05 
Mikko Lehtonen           0  0  0   0  0   1  1  0  1  0  0/2     9:09   0:00   0:00 
Nail Yakupov             0  0  0   0  0   2  2  0  0  0  1/2    20:40   1:48   0:54 
Stephane Da Costa        1  0  1   1  0   2  0  0  0  0  6/8    13:30   1:48   0:47 
Tyler Bozak              0  0  0   0  0   5  2  1  1  0  15/23  18:22   0:00   0:00 
Zac Leslie               0  0  0   0  0   1  2  2  0  0  0/0    18:16   1:26   0:59 

Players Stats for Influenza

Player Name              G  A  P  +/- PIM S  H  SB GA TA FO     MP     PP MP  PK MP  
------------------------------------------------------------------------------------
Aleksi Saarela           0  0  0   0  0   0  0  0  1  0  4/5     7:38   0:00   0:00 
Bo Horvat                0  0  0   0  0   1  0  0  0  1  11/33  20:41   0:59   2:33 
Brett Pesce              0  0  0   0  0   0  0  1  0  0  0/0    13:13   0:00   0:19 
Colton Sissons           0  0  0  -2  0   1  0  0  0  0  5/12   17:14   1:00   0:39 
Dmitry Sinitsyn          0  0  0   0  0   0  1  0  0  0  0/0    15:59   0:51   1:34 
Haydn Fleury             0  1  1   0  0   2  0  0  1  0  0/0    19:32   0:51   1:09 
Jaden Lindo              0  0  0   0  0   0  2  0  0  0  0/0     7:38   0:00   0:00 
Justin Bailey            0  0  0  -2  0   0  1  0  0  0  0/1    16:28   1:00   0:00 
Lucas Lessio             1  0  1   1  0   3  2  0  0  0  0/0    13:11   0:00   0:00 
Mark Giordano            0  0  0  -1  2   0  1  0  1  1  0/0    25:47   1:08   1:18 
Max Domi                 0  0  0  -2  0   2  1  0  0  2  1/2    17:06   1:00   0:39 
Neal Pionk               0  0  0   0  0   2  1  0  0  0  0/0    19:26   0:00   2:24 
Pavel Zacha              0  1  1   1  0   3  2  2  0  1  2/5    12:40   0:00   0:00 
Ryan Dzingel             0  0  0   0  0   4  3  0  0  0  0/0     9:44   0:07   1:01 
Tim Erixon               0  0  0  -1  2   1  4  1  0  1  0/0    26:38   1:08   1:42 
Tim Schaller             0  0  0   0  2   2  1  0  0  0  0/1    20:25   0:59   2:18 
Tom Kuhnhackl            0  0  0   1  0   3  3  0  0  0  0/0    12:49   0:00   0:00 
Travis Konecny           0  0  0   0  0   1  0  0  0  1  0/0    19:35   0:52   1:16 

3 Stars

1 - Frederik Gauthier (Bak)
2 - Ilya Samsonov (Bak)
3 - Alex Tuch (Bak)

Power Play

Condors - 1 on 3 Attempt(s) - 33.33%
Influenza - 0 on 1 Attempt(s) - 0.00%

Penalty Kill

Condors - 1 on 1 Attempt(s) - 100.00% - Score 0 goal in Penalty Kill
Influenza - 2 on 3 Attempt(s) - 66.67% - Score 0 goal in Penalty Kill

Team Stat

Condors - Hits : 19 - Faceoff Wins : 36 - Blocked Shots : 10 - Penalty Minutes : 2
Influenza - Hits : 22 - Faceoff Wins : 23 - Blocked Shots : 4 - Penalty Minutes : 6

Official

Referees : Unknown
Linesman : Unknown

Game Notes

No Game Note

Finance

Level 1 -- Attendance: 1302 (65.10%) -- Ticket Income $52,080
Level 2 -- Attendance: 660 (66.00%) -- Ticket Income $13,200
Total Attendance: 1962 (65.40%)
Total Ticket Income: $65,280
Other Income: $3,264
Total Income: $68,544

Condors

5 vs 5 Forward 
   Center                   Left Wing                Right Wing               Time % Phy DF OF 
 1 Tyler Bozak              Andrew Mangiapane        Nail Yakupov             40     1   2  2  
 2 Frederik Gauthier        Anton Slepyshev          Alex Tuch                30     1   2  2  
 3 Stephane Da Costa        Christian Thomas         Adam Erne                20     1   2  2  
 4 Mark Jankowski           C.J Suess                Mikko Lehtonen           10     1   2  2  

5 vs 5 Defense 
   Defense                  Defense                                           Time % Phy DF OF 
 1 Carl Gunnarsson          Eric Gustafsson                                   40     1   2  2  
 2 Zac Leslie               Marc-André Bourdon                                30     1   2  2  
 3 Chris Bigras             Brett Lernout                                     20     1   2  2  
 4 Chris Bigras             Gustav Olofsson                                   10     1   2  2  

PowerPlay Forward 
   Center                   Left Wing                Right Wing               Time % Phy DF OF 
 1 Frederik Gauthier        Anton Slepyshev          Alex Tuch                60     0   2  3  
 2 Stephane Da Costa        Andrew Mangiapane        Nail Yakupov             40     0   2  3  

PowerPlay Defense
   Defense                  Defense                                           Time % Phy DF OF 
 1 Carl Gunnarsson          Marc-André Bourdon                                60     0   2  3  
 2 Zac Leslie               Eric Gustafsson                                   40     0   2  3  

Penalty Kill 4 Players Forward 
   Center                   Wing                     Time % Phy DF OF 
 1 Mark Jankowski           Nail Yakupov             60     0   3  2  
 2 Frederik Gauthier        Anton Slepyshev          40     0   3  2  

Penalty Kill 4 Players Defense
   Defense                  Defense                  Time % Phy DF OF 
 1 Carl Gunnarsson          Eric Gustafsson          60     0   3  2  
 2 Zac Leslie               Chris Bigras             40     0   3  2  

Penalty Kill - 3 Players Forward 
   Forward                                           Time % Phy DF OF 
 1 Mark Jankowski                                    60     1   2  2  
 2 Nail Yakupov                                      40     1   2  2  

Penalty Kill - 3 Players Defense
   Defense                  Defense                  Time % Phy DF OF 
 1 Carl Gunnarsson          Eric Gustafsson          60     1   2  2  
 2 Zac Leslie               Chris Bigras             40     1   2  2  

4 vs 4 Forward 
   Center                   Wing                     Time % Phy DF OF 
 1 Mark Jankowski           Nail Yakupov             60     1   2  2  
 2 Frederik Gauthier        Anton Slepyshev          40     1   2  2  

4 vs 4 Defense
   Defense                  Defense                  Time % Phy DF OF 
 1 Carl Gunnarsson          Marc-André Bourdon       60     1   2  2  
 2 Zac Leslie               Eric Gustafsson          40     1   2  2  

Last Minutes Offensive
   Center                   Left Wing                Right Wing               Defense                  Defense                  
   Frederik Gauthier        Anton Slepyshev          Nail Yakupov             Carl Gunnarsson          Eric Gustafsson          

Last Minutes Defensive
   Center                   Left Wing                Right Wing               Defense                  Defense                  
   Frederik Gauthier        Anton Slepyshev          Nail Yakupov             Carl Gunnarsson          Eric Gustafsson          

Goaltenders
Starting : Ilya Samsonov            
Backup : Mark Visentin            

Extra Forwards
Normal : Tyler Bozak, Adam Erne, Alex Tuch - PP : Tyler Bozak, Adam Erne - PK : Stephane Da Costa
Extra Defensemen
Normal : Chris Bigras, Brett Lernout, Zac Leslie - PP : Chris Bigras - PK : Marc-André Bourdon, Zac Leslie
Penalty Shots
Tyler Bozak, Nail Yakupov, Frederik Gauthier, Mark Jankowski, Anton Slepyshev

Scratches
Louis Leblanc (Healthy), Emil Djuse (Healthy), Erik Cernak (Healthy), Caleb Jones (Healthy), Nick Merkley (Healthy)
Cole Cassels (Healthy), Jordan Subban (Healthy), Jeremy Gregoire (Healthy), Connor Hurley (Healthy), Remi Elie (Healthy)
Brett Ritchie (Healthy), Daniel Zaar (Suspend), Anders Bjork (Healthy), Hunter Smith (Healthy), Jack Campbell (Healthy)

Influenza

5 vs 5 Forward 
   Center                   Left Wing                Right Wing               Time % Phy DF OF 
 1 Bo Horvat                Tim Schaller             Travis Konecny           40     1   2  2  
 2 Colton Sissons           Max Domi                 Justin Bailey            30     1   2  2  
 3 Pavel Zacha              Lucas Lessio             Tom Kuhnhackl            20     1   2  2  
 4 Aleksi Saarela           Ryan Dzingel             Jaden Lindo              10     1   2  2  

5 vs 5 Defense 
   Defense                  Defense                                           Time % Phy DF OF 
 1 Mark Giordano            Tim Erixon                                        40     1   2  2  
 2 Neal Pionk               Haydn Fleury                                      30     1   2  2  
 3 Brett Pesce              Dmitry Sinitsyn                                   20     1   2  2  
 4 Mark Giordano            Tim Erixon                                        10     1   2  2  

PowerPlay Forward 
   Center                   Left Wing                Right Wing               Time % Phy DF OF 
 1 Bo Horvat                Tim Schaller             Travis Konecny           60     1   2  2  
 2 Colton Sissons           Max Domi                 Justin Bailey            40     1   2  2  

PowerPlay Defense
   Defense                  Defense                                           Time % Phy DF OF 
 1 Mark Giordano            Tim Erixon                                        60     1   2  2  
 2 Dmitry Sinitsyn          Haydn Fleury                                      40     1   2  2  

Penalty Kill 4 Players Forward 
   Center                   Wing                     Time % Phy DF OF 
 1 Bo Horvat                Tim Schaller             60     1   2  2  
 2 Max Domi                 Travis Konecny           40     1   2  2  

Penalty Kill 4 Players Defense
   Defense                  Defense                  Time % Phy DF OF 
 1 Mark Giordano            Tim Erixon               60     1   2  2  
 2 Dmitry Sinitsyn          Haydn Fleury             40     1   2  2  

Penalty Kill - 3 Players Forward 
   Forward                                           Time % Phy DF OF 
 1 Bo Horvat                                         60     1   2  2  
 2 Tim Schaller                                      40     1   2  2  

Penalty Kill - 3 Players Defense
   Defense                  Defense                  Time % Phy DF OF 
 1 Mark Giordano            Tim Erixon               60     1   2  2  
 2 Dmitry Sinitsyn          Haydn Fleury             40     1   2  2  

4 vs 4 Forward 
   Center                   Wing                     Time % Phy DF OF 
 1 Bo Horvat                Tim Schaller             60     1   2  2  
 2 Max Domi                 Travis Konecny           40     1   2  2  

4 vs 4 Defense
   Defense                  Defense                  Time % Phy DF OF 
 1 Mark Giordano            Tim Erixon               60     1   2  2  
 2 Dmitry Sinitsyn          Haydn Fleury             40     1   2  2  

Last Minutes Offensive
   Center                   Left Wing                Right Wing               Defense                  Defense                  
   Bo Horvat                Tim Schaller             Travis Konecny           Mark Giordano            Tim Erixon               

Last Minutes Defensive
   Center                   Left Wing                Right Wing               Defense                  Defense                  
   Bo Horvat                Tim Schaller             Travis Konecny           Mark Giordano            Tim Erixon               

Goaltenders
Starting : Al Montoya               
Backup : Malcolm Subban           

Extra Forwards
Normal : Ryan Dzingel, Lucas Lessio, Travis Konecny - PP : Ryan Dzingel, Lucas Lessio - PK : Travis Konecny
Extra Defensemen
Normal : Brett Pesce, Neal Pionk, Dmitry Sinitsyn - PP : Brett Pesce - PK : Neal Pionk, Dmitry Sinitsyn
Penalty Shots
Bo Horvat, Tim Schaller, Max Domi, Travis Konecny, Ryan Dzingel

Scratches
Shane Prince (Healthy), Jeff Corbett (Healthy), Linden Vey (Left Hip Injury), Dennis Gilbert (Healthy), Henri Ikonen (Healthy)
Johan Larsson (Healthy), Jakob Forsbacka-Karlsson (Healthy), Zack MacEwen (Healthy), Radovan Bondra (Healthy), Simon Bourque (Healthy)
Mitchell Moroz (Healthy), Conner Bleackley (Healthy), Brycen Martin (Healthy), Charlie Lindgren (Healthy), Jamie Phillips (Healthy)

% Time on Ice - Condors

Lines # - Real PCT - Wanted PCT - Time Play
Normal Forward
1 - 33% - 40% - 17:59
2 - 31% - 30% - 16:28
3 - 20% - 20% - 10:48
4 - 16% - 10% - 8:33
Normal Defense
1 - 40% - 40% - 21:30
2 - 29% - 30% - 15:51
3 - 20% - 20% - 11:01
4 - 10% - 10% - 5:26
PP Forward
1 - 57% - 60% - 2:25
2 - 43% - 40% - 1:48
PP Defense
1 - 66% - 60% - 2:47
2 - 34% - 40% - 1:26
PK Forward
1 - 77% - 60% - 1:32
2 - 23% - 40% - 0:27
PK Defense
1 - 82% - 60% - 1:37
2 - 18% - 40% - 0:22
PK3 Forward
1 - 0% - 60%
2 - 0% - 40%
PK3 Defense
1 - 0% - 60%
2 - 0% - 40%
44 Forward
1 - 0% - 60%
2 - 0% - 40%
44 Defense
1 - 0% - 60%
2 - 0% - 40%
Last Minute Offensive  - 0:00
Last Minute Defensive  - 0:00
Total
Forward - 60:00
Defense - 60:00

% Time on Ice - Influenza

Lines # - Real PCT - Wanted PCT - Time Play
Normal Forward
1 - 34% - 40% - 18:12
2 - 29% - 30% - 15:21
3 - 23% - 20% - 12:37
4 - 14% - 10% - 7:38
Normal Defense
1 - 38% - 40% - 20:16
2 - 33% - 30% - 17:32
3 - 23% - 20% - 12:08
4 - 7% - 10% - 3:52
PP Forward
1 - 50% - 60% - 0:59
2 - 50% - 40% - 1:00
PP Defense
1 - 57% - 60% - 1:08
2 - 43% - 40% - 0:51
PK Forward
1 - 85% - 60% - 3:34
2 - 15% - 40% - 0:39
PK Defense
1 - 73% - 60% - 3:04
2 - 27% - 40% - 1:09
PK3 Forward
1 - 0% - 60%
2 - 0% - 40%
PK3 Defense
1 - 0% - 60%
2 - 0% - 40%
44 Forward
1 - 0% - 60%
2 - 0% - 40%
44 Defense
1 - 0% - 60%
2 - 0% - 40%
Last Minute Offensive  - 0:00
Last Minute Defensive  - 0:00
Total
Forward - 60:00
Defense - 60:00

Play-by-Play

1st period


0:01 of 1st period - Bo Horvat wins face-off versus Andrew Mangiapane in neutral zone.
0:04 of 1st period - Slapshot by Tim Schaller.
0:04 of 1st period - Stopped by Ilya Samsonov without a rebound.
0:05 of 1st period - Bo Horvat wins face-off versus Tyler Bozak in Condors zone.
0:34 of 1st period - Wrist shot by Christian Thomas.
0:34 of 1st period - Stopped by Al Montoya with a rebound.
1:17 of 1st period - Mark Giordano is hit by Nail Yakupov and loses puck.
2:07 of 1st period - Justin Bailey is hit by Adam Erne and loses puck.
2:49 of 1st period - Slapshot by Tyler Bozak.
2:49 of 1st period - Stopped by Al Montoya without a rebound.
2:50 of 1st period - Anton Slepyshev wins face-off versus Bo Horvat in Influenza zone.
2:51 of 1st period - Snap shot by Alex Tuch.
2:51 of 1st period - Stopped by Al Montoya without a rebound.
2:52 of 1st period - Frederik Gauthier wins face-off versus Bo Horvat in Influenza zone.
4:27 of 1st period - Snap shot by Anton Slepyshev.
4:27 of 1st period - Stopped by Al Montoya without a rebound.
4:28 of 1st period - Colton Sissons wins face-off versus Tyler Bozak in Influenza zone.
4:53 of 1st period - Zac Leslie is hit by Pavel Zacha and loses puck.
5:32 of 1st period - Tim Erixon is hit by Nail Yakupov and loses puck.
5:56 of 1st period - Slapshot by Tom Kuhnhackl.
5:56 of 1st period - Stopped by Ilya Samsonov with a rebound.
5:58 of 1st period - Wrist shot by Pavel Zacha.
5:58 of 1st period - Deflect By Lucas Lessio.
5:58 of 1st period - Deflect By Zac Leslie.
5:58 of 1st period - Shot Misses the Net.
5:58 of 1st period - Puck is out of play.
5:59 of 1st period - Aleksi Saarela wins face-off versus Nail Yakupov in Condors zone.
6:02 of 1st period - Wrist shot by Ryan Dzingel.
6:02 of 1st period - Stopped by Ilya Samsonov without a rebound.
6:03 of 1st period - Aleksi Saarela wins face-off versus Tyler Bozak in Condors zone.
6:14 of 1st period - Snap shot by Ryan Dzingel.
6:14 of 1st period - Shot Hit the Post.
6:28 of 1st period - Neal Pionk is hit by Adam Erne and loses puck.
6:33 of 1st period - Wrist shot by Christian Thomas.
6:33 of 1st period - Deflect By Neal Pionk.
6:33 of 1st period - Stopped by Al Montoya without a rebound.
6:34 of 1st period - Stephane Da Costa wins face-off versus Colton Sissons in Influenza zone.
6:35 of 1st period - Snap shot by Christian Thomas.
6:35 of 1st period - Stopped by Al Montoya without a rebound.
6:36 of 1st period - Tyler Bozak wins face-off versus Colton Sissons in Influenza zone.
6:37 of 1st period - Snap shot by Nail Yakupov.
6:37 of 1st period - Stopped by Al Montoya with a rebound.
6:47 of 1st period - Slapshot by Tyler Bozak.
6:47 of 1st period - Shot Misses the Net.
6:49 of 1st period - Snap shot by Brett Lernout.
6:49 of 1st period - Shot Misses the Net.
6:51 of 1st period - Wrist shot by Brett Lernout.
6:51 of 1st period - Shot Misses the Net.
7:08 of 1st period - Snap shot by Mark Jankowski.
7:08 of 1st period - Stopped by Al Montoya without a rebound.
7:09 of 1st period - Tyler Bozak wins face-off versus Bo Horvat in Influenza zone.
7:10 of 1st period - Snap shot by Nail Yakupov.
7:10 of 1st period - Stopped by Al Montoya with a rebound.
7:24 of 1st period - Snap shot by Bo Horvat.
7:24 of 1st period - Stopped by Ilya Samsonov without a rebound.
7:25 of 1st period - Stephane Da Costa wins face-off versus Colton Sissons in Condors zone.
7:52 of 1st period - Haydn Fleury is hit by Andrew Mangiapane and loses puck.
8:01 of 1st period - Snap shot by Travis Konecny.
8:01 of 1st period - Shot Misses the Net.
8:03 of 1st period - Slapshot by Neal Pionk.
8:03 of 1st period - Shot Misses the Net.
8:13 of 1st period - Snap shot by Alex Tuch.
8:13 of 1st period - Deflect By Tom Kuhnhackl.
8:13 of 1st period - Shot Blocked by Pavel Zacha.
8:13 of 1st period - Puck is out of play.
8:14 of 1st period - Pavel Zacha wins face-off versus Frederik Gauthier in Influenza zone.
8:29 of 1st period - Anton Slepyshev is hit by Lucas Lessio and loses puck.
8:47 of 1st period - Snap shot by Tyler Bozak.
8:47 of 1st period - Shot Blocked by Tim Erixon.
8:49 of 1st period - Snap shot by Tyler Bozak.
8:49 of 1st period - Shot Misses the Net.
8:51 of 1st period - Slapshot by Chris Bigras.
8:51 of 1st period - Deflect By Andrew Mangiapane.
8:51 of 1st period - Stopped by Al Montoya with a rebound.
8:53 of 1st period - Slapshot by Nail Yakupov.
8:53 of 1st period - Shot Misses the Net.
9:03 of 1st period - Snap shot by Stephane Da Costa.
9:03 of 1st period - Goal by Stephane Da Costa - Condors : 1 - Influenza : 0.
9:04 of 1st period - Tyler Bozak wins face-off versus Bo Horvat in neutral zone.
10:34 of 1st period - Snap shot by Nail Yakupov.
10:34 of 1st period - Shot Misses the Net.
10:36 of 1st period - Snap shot by Tyler Bozak.
10:36 of 1st period - Shot Misses the Net.
10:38 of 1st period - Slapshot by Zac Leslie.
10:38 of 1st period - Shot Misses the Net.
10:50 of 1st period - Frederik Gauthier is hit by Dmitry Sinitsyn and loses puck.
10:59 of 1st period - Snap shot by Max Domi.
10:59 of 1st period - Shot Blocked by Anton Slepyshev.
11:11 of 1st period - Tom Kuhnhackl is hit by C.J Suess and loses puck.
11:36 of 1st period - Icing by Tyler Bozak.
11:37 of 1st period - Bo Horvat wins face-off versus Tyler Bozak in Condors zone.
11:40 of 1st period - Wrist shot by Travis Konecny.
11:40 of 1st period - Shot Blocked by Chris Bigras.
11:59 of 1st period - Haydn Fleury is hit by Tyler Bozak and loses puck.
12:42 of 1st period - Wrist shot by Tyler Bozak.
12:42 of 1st period - Stopped by Al Montoya with a rebound.
12:44 of 1st period - Wrist shot by Chris Bigras.
12:44 of 1st period - Shot Misses the Net.
12:46 of 1st period - Backhand shot by Tyler Bozak.
12:46 of 1st period - Stopped by Al Montoya with a rebound.
12:48 of 1st period - Snap shot by Brett Lernout.
12:48 of 1st period - Stopped by Al Montoya with a rebound.
12:50 of 1st period - Wrist shot by Tyler Bozak.
12:50 of 1st period - Stopped by Al Montoya with a rebound.
12:58 of 1st period - Snap shot by Nail Yakupov.
12:58 of 1st period - Shot Misses the Net.
13:05 of 1st period - Icing by Bo Horvat.
13:06 of 1st period - Bo Horvat wins face-off versus Frederik Gauthier in Influenza zone.
13:20 of 1st period - Off-side.
13:21 of 1st period - Stephane Da Costa wins face-off versus Max Domi in neutral zone.
13:26 of 1st period - Backhand shot by Adam Erne.
13:26 of 1st period - Stopped by Al Montoya with a rebound.
14:03 of 1st period - Icing by Tim Erixon.
14:04 of 1st period - Aleksi Saarela wins face-off versus Mikko Lehtonen in Influenza zone.
14:08 of 1st period - Off-side.
14:09 of 1st period - Mark Jankowski wins face-off versus Aleksi Saarela in neutral zone.
14:12 of 1st period - Wrist shot by Mark Jankowski.
14:12 of 1st period - Shot Misses the Net.
14:14 of 1st period - Wrist shot by C.J Suess.
14:14 of 1st period - Deflect By Mikko Lehtonen.
14:14 of 1st period - Stopped by Al Montoya with a rebound.
14:16 of 1st period - Snap shot by Carl Gunnarsson.
14:16 of 1st period - Shot Misses the Net.
14:18 of 1st period - Slapshot by Eric Gustafsson.
14:18 of 1st period - Stopped by Al Montoya with a rebound.
14:20 of 1st period - Snap shot by C.J Suess.
14:20 of 1st period - Stopped by Al Montoya without a rebound.
14:21 of 1st period - Frederik Gauthier wins face-off versus Colton Sissons in Influenza zone.
14:36 of 1st period - Wrist shot by Alex Tuch.
14:36 of 1st period - Stopped by Al Montoya with a rebound.
14:48 of 1st period - Tyler Bozak is hit by Pavel Zacha.
14:52 of 1st period - Slapshot by Tyler Bozak.
14:52 of 1st period - Shot Misses the Net.
15:09 of 1st period - Adam Erne is hit by Tim Schaller and loses puck.
16:09 of 1st period - Wrist shot by Adam Erne.
16:09 of 1st period - Stopped by Al Montoya with a rebound.
16:11 of 1st period - Slapshot by Christian Thomas.
16:11 of 1st period - Deflect By Adam Erne.
16:11 of 1st period - Stopped by Al Montoya with a rebound.
16:15 of 1st period - Slapshot by Stephane Da Costa.
16:15 of 1st period - Stopped by Al Montoya without a rebound.
16:16 of 1st period - Bo Horvat wins face-off versus Tyler Bozak in Influenza zone.
16:16 of 1st period - Bo Horvat is hit by Tyler Bozak.
16:50 of 1st period - Snap shot by Anton Slepyshev.
16:50 of 1st period - Stopped by Al Montoya without a rebound.
16:51 of 1st period - Tyler Bozak wins face-off versus Justin Bailey in Influenza zone.
17:10 of 1st period - Andrew Mangiapane is hit by Neal Pionk and loses puck.
18:06 of 1st period - Slapshot by Stephane Da Costa.
18:06 of 1st period - Shot Misses the Net.
18:08 of 1st period - Snap shot by Zac Leslie.
18:08 of 1st period - Stopped by Al Montoya without a rebound.
18:09 of 1st period - Aleksi Saarela wins face-off versus Stephane Da Costa in Influenza zone.
18:22 of 1st period - Slapshot by Ryan Dzingel.
18:22 of 1st period - Stopped by Ilya Samsonov with a rebound.
18:37 of 1st period - Marc-André Bourdon is hit by Ryan Dzingel and loses puck.
18:48 of 1st period - Snap shot by Ryan Dzingel.
18:48 of 1st period - Stopped by Ilya Samsonov without a rebound.
18:49 of 1st period - Tyler Bozak wins face-off versus Bo Horvat in Condors zone.
Goals for this period are 1 for Condors vs 0 for Influenza.
Shots for this period are 25 for Condors vs 6 for Influenza.

2nd period


0:01 of 2nd period - Tyler Bozak wins face-off versus Bo Horvat in neutral zone.
0:11 of 2nd period - Slapshot by Tim Schaller.
0:11 of 2nd period - Shot Blocked by Zac Leslie.
0:36 of 2nd period - Wrist shot by Anton Slepyshev.
0:36 of 2nd period - Deflect By Frederik Gauthier.
0:36 of 2nd period - Goal by Frederik Gauthier - Condors : 2 - Influenza : 0.
0:37 of 2nd period - Tyler Bozak wins face-off versus Bo Horvat in neutral zone.
1:16 of 2nd period - Slapshot by Max Domi.
1:16 of 2nd period - Shot Misses the Net.
1:18 of 2nd period - Slapshot by Max Domi.
1:18 of 2nd period - Stopped by Ilya Samsonov without a rebound.
1:19 of 2nd period - Pavel Zacha wins face-off versus Frederik Gauthier in Condors zone.
1:20 of 2nd period - Slapshot by Lucas Lessio.
1:20 of 2nd period - Shot Misses the Net.
1:22 of 2nd period - Snap shot by Tom Kuhnhackl.
1:22 of 2nd period - Shot Misses the Net.
1:24 of 2nd period - Slapshot by Haydn Fleury.
1:24 of 2nd period - Shot Blocked by Zac Leslie.
1:26 of 2nd period - Slapshot by Pavel Zacha.
1:26 of 2nd period - Shot Misses the Net.
1:28 of 2nd period - Slapshot by Haydn Fleury.
1:28 of 2nd period - Shot Misses the Net.
1:30 of 2nd period - Snap shot by Pavel Zacha.
1:30 of 2nd period - Stopped by Ilya Samsonov with a rebound.
1:32 of 2nd period - Snap shot by Tom Kuhnhackl.
1:32 of 2nd period - Shot Misses the Net.
1:44 of 2nd period - Tom Kuhnhackl is hit by Marc-André Bourdon and loses puck.
1:55 of 2nd period - Snap shot by Lucas Lessio.
1:55 of 2nd period - Shot Misses the Net.
1:57 of 2nd period - Wrist shot by Tom Kuhnhackl.
1:57 of 2nd period - Shot Misses the Net.
2:01 of 2nd period - Wrist shot by Tom Kuhnhackl.
2:01 of 2nd period - Shot Misses the Net.
2:03 of 2nd period - Slapshot by Neal Pionk.
2:03 of 2nd period - Stopped by Ilya Samsonov with a rebound.
2:05 of 2nd period - Snap shot by Lucas Lessio.
2:05 of 2nd period - Shot Misses the Net.
2:07 of 2nd period - Slapshot by Neal Pionk.
2:07 of 2nd period - Shot Misses the Net.
2:09 of 2nd period - Snap shot by Pavel Zacha.
2:09 of 2nd period - Shot Misses the Net.
2:11 of 2nd period - Wrist shot by Haydn Fleury.
2:11 of 2nd period - Stopped by Ilya Samsonov with a rebound.
2:13 of 2nd period - Wrist shot by Lucas Lessio.
2:13 of 2nd period - Goal by Lucas Lessio - Condors : 2 - Influenza : 1.
2:14 of 2nd period - Bo Horvat wins face-off versus Tyler Bozak in neutral zone.
3:28 of 2nd period - Wrist shot by Lucas Lessio.
3:28 of 2nd period - Shot Misses the Net.
3:44 of 2nd period - Colton Sissons is hit by Andrew Mangiapane and loses puck.
3:54 of 2nd period - Icing by Carl Gunnarsson.
3:55 of 2nd period - Nail Yakupov wins face-off versus Bo Horvat in Condors zone.
5:35 of 2nd period - Dmitry Sinitsyn is hit by Zac Leslie and loses puck.
6:51 of 2nd period - Anton Slepyshev is hit by Max Domi.
6:52 of 2nd period - Icing by Anton Slepyshev.
6:53 of 2nd period - Colton Sissons wins face-off versus Frederik Gauthier in Condors zone.
8:11 of 2nd period - Snap shot by Christian Thomas.
8:11 of 2nd period - Shot Misses the Net.
8:13 of 2nd period - Snap shot by Chris Bigras.
8:13 of 2nd period - Stopped by Al Montoya with a rebound.
8:31 of 2nd period - Slapshot by Eric Gustafsson.
8:31 of 2nd period - Shot Misses the Net.
8:33 of 2nd period - Slapshot by Nail Yakupov.
8:33 of 2nd period - Shot Misses the Net.
9:46 of 2nd period - Dmitry Sinitsyn is hit by Mark Jankowski and loses puck.
10:09 of 2nd period - Snap shot by Tim Schaller.
10:09 of 2nd period - Shot Hit the Post.
10:15 of 2nd period - Snap shot by Frederik Gauthier.
10:15 of 2nd period - Stopped by Al Montoya with a rebound.
10:52 of 2nd period - Stephane Da Costa is hit by Ryan Dzingel and loses puck.
11:19 of 2nd period - Snap shot by Frederik Gauthier.
11:19 of 2nd period - Stopped by Al Montoya without a rebound.
11:20 of 2nd period - Tyler Bozak wins face-off versus Bo Horvat in Influenza zone.
11:27 of 2nd period - Tyler Bozak is hit by Tim Erixon and loses puck.
12:10 of 2nd period - Snap shot by Stephane Da Costa.
12:10 of 2nd period - Shot Blocked by Pavel Zacha.
13:27 of 2nd period - Chris Bigras is hit by Tom Kuhnhackl and loses puck.
13:32 of 2nd period - Snap shot by Lucas Lessio.
13:32 of 2nd period - Stopped by Ilya Samsonov with a rebound.
13:34 of 2nd period - Snap shot by Lucas Lessio.
13:34 of 2nd period - Deflect By Tom Kuhnhackl.
13:34 of 2nd period - Stopped by Ilya Samsonov with a rebound.
13:43 of 2nd period - Off-side.
13:44 of 2nd period - Stephane Da Costa wins face-off versus Colton Sissons in neutral zone.
13:53 of 2nd period - Slapshot by Stephane Da Costa.
13:53 of 2nd period - Shot Blocked by Brett Pesce.
14:01 of 2nd period - Icing by Adam Erne.
14:02 of 2nd period - Bo Horvat wins face-off versus Stephane Da Costa in Condors zone.
14:10 of 2nd period - Wrist shot by Tim Schaller.
14:10 of 2nd period - Shot Blocked by Brett Lernout.
14:12 of 2nd period - Wrist shot by Travis Konecny.
14:12 of 2nd period - Stopped by Ilya Samsonov with a rebound.
14:14 of 2nd period - Slapshot by Mark Giordano.
14:14 of 2nd period - Shot Misses the Net.
14:16 of 2nd period - Wrist shot by Bo Horvat.
14:16 of 2nd period - Shot Blocked by Brett Lernout.
14:18 of 2nd period - Slapshot by Mark Giordano.
14:18 of 2nd period - Shot Misses the Net.
14:28 of 2nd period - Nail Yakupov is hit by Justin Bailey and loses puck.
14:57 of 2nd period - Wrist shot by Anton Slepyshev.
14:57 of 2nd period - Stopped by Al Montoya without a rebound.
14:58 of 2nd period - Tyler Bozak wins face-off versus Bo Horvat in Influenza zone.
15:25 of 2nd period - Mark Giordano is hit by Alex Tuch and loses puck.
15:30 of 2nd period - Snap shot by Anton Slepyshev.
15:30 of 2nd period - Shot Misses the Net.
15:32 of 2nd period - Slapshot by Marc-André Bourdon.
15:32 of 2nd period - Stopped by Al Montoya without a rebound.
15:33 of 2nd period - Colton Sissons wins face-off versus Frederik Gauthier in Influenza zone.
16:04 of 2nd period - Wrist shot by Nail Yakupov.
16:04 of 2nd period - Shot Misses the Net.
16:06 of 2nd period - Slapshot by Zac Leslie.
16:06 of 2nd period - Shot Misses the Net.
16:18 of 2nd period - Christian Thomas is hit by Tom Kuhnhackl and loses puck.
16:57 of 2nd period - Snap shot by Colton Sissons.
16:57 of 2nd period - Shot Misses the Net.
18:08 of 2nd period - Slapshot by Tim Erixon.
18:08 of 2nd period - Deflect By Ryan Dzingel.
18:08 of 2nd period - Stopped by Ilya Samsonov without a rebound.
18:09 of 2nd period - Bo Horvat wins face-off versus Tyler Bozak in Condors zone.
18:42 of 2nd period - Icing by Dmitry Sinitsyn.
18:43 of 2nd period - Tyler Bozak wins face-off versus Colton Sissons in Influenza zone.
18:58 of 2nd period - Wrist shot by Tyler Bozak.
18:58 of 2nd period - Stopped by Al Montoya without a rebound.
18:59 of 2nd period - Frederik Gauthier wins face-off versus Bo Horvat in Influenza zone.
19:06 of 2nd period - Wrist shot by Frederik Gauthier.
19:06 of 2nd period - Stopped by Al Montoya without a rebound.
19:07 of 2nd period - Frederik Gauthier wins face-off versus Bo Horvat in Influenza zone.
19:32 of 2nd period - Tim Erixon is hit by Andrew Mangiapane and loses puck.
Goals for this period are 1 for Condors vs 1 for Influenza.
Shots for this period are 8 for Condors vs 9 for Influenza.

3rd period


0:01 of 3rd period - Tyler Bozak wins face-off versus Bo Horvat in neutral zone.
0:05 of 3rd period - Minor Penalty to Tim Schaller for Hooking.
0:06 of 3rd period - Alex Tuch wins face-off versus Bo Horvat in Influenza zone.
0:07 of 3rd period - Wrist shot by Anton Slepyshev.
0:07 of 3rd period - Shot Misses the Net.
0:20 of 3rd period - Slapshot by Alex Tuch.
0:20 of 3rd period - Goal by Alex Tuch - Condors : 3 - Influenza : 1.
0:21 of 3rd period - Andrew Mangiapane wins face-off versus Bo Horvat in neutral zone.
0:37 of 3rd period - Wrist shot by Travis Konecny.
0:37 of 3rd period - Shot Blocked by Tyler Bozak.
0:54 of 3rd period - Icing by Frederik Gauthier.
0:55 of 3rd period - Bo Horvat wins face-off versus Frederik Gauthier in Condors zone.
1:30 of 3rd period - Wrist shot by Max Domi.
1:30 of 3rd period - Shot Misses the Net.
2:21 of 3rd period - Icing by C.J Suess.
2:22 of 3rd period - Mark Jankowski wins face-off versus Tim Schaller in Condors zone.
2:35 of 3rd period - Snap shot by Tim Schaller.
2:35 of 3rd period - Stopped by Ilya Samsonov with a rebound.
3:07 of 3rd period - Wrist shot by Mikko Lehtonen.
3:07 of 3rd period - Shot Misses the Net.
3:21 of 3rd period - Wrist shot by Mikko Lehtonen.
3:21 of 3rd period - Shot Misses the Net.
3:23 of 3rd period - Slapshot by Mark Jankowski.
3:23 of 3rd period - Stopped by Al Montoya without a rebound.
3:24 of 3rd period - Tyler Bozak wins face-off versus Bo Horvat in Influenza zone.
3:38 of 3rd period - Minor Penalty to Mark Giordano for Hooking.
3:39 of 3rd period - Frederik Gauthier wins face-off versus Bo Horvat in Influenza zone.
3:45 of 3rd period - Snap shot by Alex Tuch.
3:45 of 3rd period - Stopped by Al Montoya with a rebound.
3:47 of 3rd period - Slapshot by Marc-André Bourdon.
3:47 of 3rd period - Stopped by Al Montoya without a rebound.
3:48 of 3rd period - Bo Horvat wins face-off versus Frederik Gauthier in Influenza zone.
3:56 of 3rd period - Icing by Carl Gunnarsson.
3:57 of 3rd period - Frederik Gauthier wins face-off versus Bo Horvat in Condors zone.
4:22 of 3rd period - Slapshot by Carl Gunnarsson.
4:22 of 3rd period - Stopped by Al Montoya with a rebound.
4:24 of 3rd period - Slapshot by Carl Gunnarsson.
4:24 of 3rd period - Stopped by Al Montoya without a rebound.
4:25 of 3rd period - Stephane Da Costa wins face-off versus Bo Horvat in Influenza zone.
5:38 of 3rd period - Penalty to Mark Giordano is over, Mark Giordano is back on ice.
5:38 of 3rd period - Snap shot by Colton Sissons.
5:38 of 3rd period - Deflect By Mark Giordano.
5:38 of 3rd period - Shot Misses the Net.
5:38 of 3rd period - Puck is out of play.
5:39 of 3rd period - Max Domi wins face-off versus Mikko Lehtonen in Condors zone.
5:48 of 3rd period - Snap shot by Colton Sissons.
5:48 of 3rd period - Stopped by Ilya Samsonov with a rebound.
6:13 of 3rd period - Slapshot by Alex Tuch.
6:13 of 3rd period - Stopped by Al Montoya with a rebound.
6:49 of 3rd period - Snap shot by Pavel Zacha.
6:49 of 3rd period - Stopped by Ilya Samsonov with a rebound.
6:53 of 3rd period - Snap shot by Tom Kuhnhackl.
6:53 of 3rd period - Stopped by Ilya Samsonov without a rebound.
6:54 of 3rd period - Frederik Gauthier wins face-off versus Pavel Zacha in Condors zone.
6:54 of 3rd period - Frederik Gauthier is hit by Tom Kuhnhackl.
7:12 of 3rd period - Slapshot by Neal Pionk.
7:12 of 3rd period - Shot Blocked by Frederik Gauthier.
7:14 of 3rd period - Slapshot by Neal Pionk.
7:14 of 3rd period - Shot Blocked by Marc-André Bourdon.
7:16 of 3rd period - Slapshot by Haydn Fleury.
7:16 of 3rd period - Stopped by Ilya Samsonov without a rebound.
7:17 of 3rd period - Tyler Bozak wins face-off versus Bo Horvat in Condors zone.
7:26 of 3rd period - Snap shot by Tyler Bozak.
7:26 of 3rd period - Shot Misses the Net.
7:59 of 3rd period - Icing by Eric Gustafsson.
8:00 of 3rd period - Stephane Da Costa wins face-off versus Pavel Zacha in Condors zone.
8:04 of 3rd period - Off-side.
8:05 of 3rd period - Tyler Bozak wins face-off versus Pavel Zacha in neutral zone.
8:18 of 3rd period - Snap shot by Tom Kuhnhackl.
8:18 of 3rd period - Shot Blocked by Marc-André Bourdon.
8:20 of 3rd period - Backhand shot by Lucas Lessio.
8:20 of 3rd period - Stopped by Ilya Samsonov with a rebound.
8:22 of 3rd period - Snap shot by Pavel Zacha.
8:22 of 3rd period - Stopped by Ilya Samsonov without a rebound.
8:23 of 3rd period - Frederik Gauthier wins face-off versus Bo Horvat in Condors zone.
8:23 of 3rd period - Frederik Gauthier is hit by Mark Giordano.
8:40 of 3rd period - Off-side.
8:41 of 3rd period - Colton Sissons wins face-off versus Tyler Bozak in neutral zone.
8:48 of 3rd period - Wrist shot by Colton Sissons.
8:48 of 3rd period - Deflect By Max Domi.
8:48 of 3rd period - Stopped by Ilya Samsonov with a rebound.
8:50 of 3rd period - Wrist shot by Tim Erixon.
8:50 of 3rd period - Stopped by Ilya Samsonov without a rebound.
8:51 of 3rd period - Tyler Bozak wins face-off versus Colton Sissons in Condors zone.
8:51 of 3rd period - Tyler Bozak is hit by Tim Erixon.
9:31 of 3rd period - Off-side.
9:32 of 3rd period - Bo Horvat wins face-off versus Alex Tuch in neutral zone.
10:32 of 3rd period - Stephane Da Costa is hit by Jaden Lindo and loses puck.
10:57 of 3rd period - Minor Penalty to Tim Erixon for Hooking.
10:58 of 3rd period - Frederik Gauthier wins face-off versus Bo Horvat in Influenza zone.
11:11 of 3rd period - Tim Schaller is hit by Alex Tuch and loses puck.
11:45 of 3rd period - Bo Horvat is hit by Zac Leslie and loses puck.
12:57 of 3rd period - Penalty to Tim Erixon is over, Tim Erixon is back on ice.
13:46 of 3rd period - Andrew Mangiapane is hit by Tim Erixon and loses puck.
14:33 of 3rd period - Tim Erixon is hit by Mikko Lehtonen and loses puck.
15:56 of 3rd period - Bo Horvat is hit by Anton Slepyshev and loses puck.
16:05 of 3rd period - Mikko Lehtonen is hit by Tim Erixon and loses puck.
16:20 of 3rd period - Nail Yakupov is hit by Ryan Dzingel and loses puck.
16:27 of 3rd period - Andrew Mangiapane is hit by Jaden Lindo and loses puck.
16:34 of 3rd period - Neal Pionk is hit by Andrew Mangiapane and loses puck.
16:49 of 3rd period - Slapshot by Neal Pionk.
16:49 of 3rd period - Stopped by Ilya Samsonov with a rebound.
16:51 of 3rd period - Minor Penalty to Carl Gunnarsson for Tripping.
16:52 of 3rd period - Colton Sissons wins face-off versus Mark Jankowski in Condors zone.
18:51 of 3rd period - Penalty to Carl Gunnarsson is over, Carl Gunnarsson is back on ice.
19:09 of 3rd period - Chris Bigras is hit by Lucas Lessio and loses puck.
Goals for this period are 1 for Condors vs 0 for Influenza.
Shots for this period are 7 for Condors vs 10 for Influenza.